 Dungeon Crawl Stone Soup version 0.29-a0-271-gd4eb659eea (webtiles) character file.

Game seed: 5037660833877319059

41 pokeman the Magician (level 3, 0/20 HPs)
             Began as a Deep Elf Hedge Wizard on Mar 8, 2022.
             Killed by miscasting Mephitic Cloud (8 damage)
             ... on level 2 of the Dungeon.
             The game lasted 00:02:55 (2198 turns).

pokeman the Magician (Deep Elf Hedge Wizard)        Turns: 2198, Time: 00:02:55

Health: 0/20       AC:  3    Str:  7    XL:     3   Next: 32%
Magic:  2/11       EV: 12    Int: 20    God:
Gold:   111        SH:  0    Dex: 14    Spells: 1/12 levels left

rFire   . . .      SeeInvis .   i - +0 spear (flame)
rCold   . . .      Faith    .   (no shield)
rNeg    . . .      Spirit   .   b - +0 robe
rPois   .          Reflect  .   c - +0 hat
rElec   .          Harm     .   (no cloak)
rCorr   .          Rampage  .   k - +0 pair of gloves
Will    .....                   (no boots)
Stlth   ++........              (no amulet)
HPRegen 0.06/turn               (no ring)
MPRegen 0.12/turn               (no ring)

@: very slightly contaminated
A: no striking features
a: no special abilities


You were on level 2 of the Dungeon.
You visited 1 branch of the dungeon, and saw 2 of its levels.

You collected 111 gold pieces.

Inventory:

Hand Weapons
 i - a +0 spear of flaming (weapon)
Armour
 b - a +0 robe (worn)
 c - a +0 hat (worn)
 k - a +0 pair of gloves (worn)
Scrolls
 a - a scroll of identify {unknown}
 e - 2 scrolls of amnesia {unknown}
 f - a scroll of enchant weapon {unknown}
 g - a scroll of blinking {unknown}
 h - a scroll of teleportation {unknown}
 m - a scroll of summoning {unknown}
Potions
 d - a potion of magic
 j - a potion of might {unknown}
 l - a potion of resistance {unknown}
 n - a potion of brilliance {unknown}


   Skills:
 - Level 1.0 Fighting
 + Level 0.8 Armour
 + Level 2.4 Dodging
 - Level 2.4 Stealth
 * Level 5.2 Spellcasting
 + Level 1.8 Conjurations
 - Level 1.1 Summonings
 - Level 1.1 Translocations


You had one spell level left.
You knew the following spells:

 Your Spells              Type           Power      Damage    Failure   Level
a - Magic Dart            Conj           48%        1d5       5%          1
b - Mephitic Cloud        Conj/Pois/Air  7%         N/A       26%         3
c - Call Imp              Summ           9%         N/A       11%         2
d - Blink                 Tloc           18%        N/A       11%         2
e - Conjure Flame         Conj/Fire      8%         6-21      24%         3

Your spell library contained the following spells:

 Spells                   Type           Power      Damage    Failure   Level
 Slow                     Hex            20%        N/A       12%         1


Dungeon Overview and Level Annotations

Branches:
Dungeon (2/15)

Altars:

Annotations:
D:2 Terence


Message History

You can't see any susceptible monsters within range! (Use Z to cast anyway.) Unknown command.
You see here a rat corpse.
Terence is nearby!
Casting: Magic Dart (safe; 5% risk of failure)
Confirm with . or Enter, or press ? or * to list all spells.
Aiming: Magic Dart (safe; 5% risk of failure)
Press: ? - help, Shift-Dir - straight line, f - Terence
Aim: Terence, wielding a +0 hand axe, wearing a +1 ring mail of fire resistance and quivering stones (wandering, hasn't noticed you, 100% to hit)
The magic dart hits Terence but does no damage.
Terence shouts!
Unknown command.
Terence screams, "I'm going to kill you!"
Terence throws a stone.
The stone hits you.
Terence throws a stone.
The stone hits you.
Casting: Magic Dart (safe; 5% risk of failure)
Confirm with . or Enter, or press ? or * to list all spells.
You don't know that spell.
Unknown command.
Unknown command.
Unknown command.
Casting: Magic Dart (safe; 5% risk of failure)
Confirm with . or Enter, or press ? or * to list all spells.
The spell is extremely dangerous to miscast (24% risk of failure)!
Continue anyway?
You miscast Conjure Flame.
You are very lightly contaminated with residual magic.
Energy rips through your body.
Casting: Conjure Flame (extremely dangerous; 24% risk of failure)
Confirm with . or Enter, or press ? or * to list all spells.
The spell is extremely dangerous to miscast (24% risk of failure)!
Continue anyway?
The fire begins to smoulder!
The fire ignites!
Casting: Conjure Flame (extremely dangerous; 24% risk of failure)
Confirm with . or Enter, or press ? or * to list all spells.
The spell is extremely dangerous to miscast (26% risk of failure)!
Continue anyway?
Aiming: Mephitic Cloud (extremely dangerous; 26% risk of failure)
Press: ? - help, Shift-Dir - straight line, f/p - Terence
Aim: Terence, wielding a +0 hand axe, wearing a +1 ring mail of fire resistance and quivering stones (chance to affect: 91%)
You miscast Mephitic Cloud.
You feel a sudden electric shock!
You die...

.###.##.#######.###.#
#.....#
.###.......##.......#
#.###.#
......#....##.#.#####
#.###.#
..###.#....##.#.....#
#...#.# ..#
#.#....##.#####.# #.#...#
..# #.#.#.....# #.#####.#.#
..# #.#.#######
#.......#.### .##
#.#....##############.#...#
.# #.####.##.@§@.....#
#.#####
.####.##.#.##.#######.#
#.### .........#.##.# #.#
#...# #####.##.#.##.#
#.#####.# #....#.##.#
#..†....# ##.....##@#
######### #......#.#
#..###.#.# #..#⌠#...#


You could see Terence.

Vanquished Creatures
  A dart slug (D:1)
  A ball python (D:1)
  An endoplasm (D:1)
  9 goblins
  5 hobgoblins
  3 quokkas (D:1)
  6 bats
  A frilled lizard (D:2)
  3 kobolds
  5 rats
35 creatures vanquished.

Notes
Turn   | Place    | Note
-------+----------+-------------------------------------------
     0 | D:1      | pokeman the Deep Elf Hedge Wizard began the quest for the
                  | Orb.
     0 | D:1      | Reached XP level 1. HP: 10/10 MP: 7/7
   449 | D:1      | Reached XP level 2. HP: 16/16 MP: 4/9
  1005 | D:1      | Reached skill level 5 in Spellcasting
  1195 | D:2      | Found a faded altar of an unknown god.
  1413 | D:2      | Noticed Terence
  1619 | D:2      | Reached XP level 3. HP: 20/20 MP: 9/11
  1623 | D:2      | Learned a level 3 spell: Mephitic Cloud
  1626 | D:2      | Learned a level 2 spell: Call Imp
  1629 | D:2      | Learned a level 2 spell: Blink
  1633 | D:2      | Learned a level 3 spell: Conjure Flame
  1680 | D:2      | Reached skill level 1 in Fighting
  2198 | D:2      | Killed by miscasting Mephitic Cloud

Illustrated notes

Levels and vault maps discovered:
D:1:      dpeg_arrival_subterranean_lakeside_camping, layout_rooms,
          nicolae_concentric_dashed_squares_wild
D:2:      cheibrodos_greedy_goblins, layout_basic, basic_ecumenical_altar,
          feat_on_display, uniq_terence

Skill      XL: |  1  2  3 |
---------------+----------+-----
Spellcasting   | 5 |  5.2
Fighting       | 1 |  1.0
Armour         | |  0.8
Dodging        | |  2.4
Stealth        | |  2.4
Conjurations   | |  1.8
Summonings     | |  1.1
Translocations | |  1.1

Action                   || total
-------------------------++-------
Melee: Spear             ||    15
       Dagger            ||     1
 Cast: Magic Dart        ||    78
       Conjure Flame     ||     1
 Stab: Sleeping          ||     1
Armor: Robe              ||     4
Dodge: Dodged            ||    17

Table legend: (Time is in decaauts)
 A = Elapsed time spent in this place.
 B = Non-inter-level travel time spent in this place.
 C = Inter-level travel time spent in this place.
 D = Time resting spent in this place.
 E = Time spent auto-exploring this place.
 F = Levels seen in this place.
 G = Mean time per level.
                   A        B        C        D        E       F      G
               +--------+--------+--------+--------+--------+-----+--------+
         Total |   2200 |   2147 |     53 |    355 |   1516 |   2 | 1100.0 |
       Dungeon |   2200 |   2147 |     53 |    355 |   1516 |   2 | 1100.0 |
               +--------+--------+--------+--------+--------+-----+--------+

Top non-repeatable levels by time:
     D:1: 1225 daAuts
     D:2: 975 daAuts
